 Dungeon Crawl Stone Soup version 0.18-a0-1784-ga939a68 (webtiles) character file.

25 wvc the Ducker (level 2, -1/14 HPs)
             Began as a Spriggan Gladiator on Apr 18, 2016.
             Slain by a hobgoblin
             ... wielding a +0 club
              (6 damage)
             ... on level 2 of the Dungeon.
             The game lasted 00:01:38 (1341 turns).

wvc the Ducker (Spriggan Gladiator)                 Turns: 1341, Time: 00:01:39

Health: -1/14      AC:  2    Str: 11    XL:     2   Next: 82%
Magic:  3/3        EV: 19    Int:  9    God:
Gold:   123        SH:  0    Dex: 16    Spells: 0 memorised, 1 level left

rFire  . . .     SeeInvis +     a - +0 quarterstaff
rCold  . . .     Gourm    .     b - +0 robe
rNeg   + . .     Faith    .     (shield currently unavailable)
rPois  .         Spirit   .     c - +0 hat
rElec  .         Dismiss  .     (no cloak)
rCorr  .         Reflect  .     (gloves unavailable)
SustAt .         Harm     .     (boots unavailable)
MR     .....                    (no amulet)
Stlth  +.........               (no ring)
                                j - ring of positive energy

@: very quick, not resistant to hostile enchantments, very unstealthy
A: unfitting armour, see invisible, herbivore 3, speed 3, slow metabolism 2
a: no special abilities


You were on level 2 of the Dungeon.
You were not hungry.

You visited 1 branch of the dungeon, and saw 2 of its levels.

You collected 123 gold pieces.

Inventory:

Hand Weapons
 a - a +0 quarterstaff (weapon)
Missiles
 d - 3 throwing nets (quivered)
 e - 14 poisoned needles
 l - 8 needles of sleeping
Armour
 b - a +0 robe (worn)
 c - a +0 hat (worn)
Jewellery
 j - a ring of positive energy (left hand)
Scrolls
 h - a scroll of teleportation {unknown}
 k - a scroll of identify {unknown}
 m - a scroll of enchant weapon {unknown}
Potions
 g - a potion of agility {unknown}
 i - a potion of haste {unknown}
Comestibles
 f - 2 bread rations


   Skills:
 + Level 1.5 Fighting
 * Level 3.0 Staves
 - Level 2.0 Throwing
 + Level 4.4 Dodging


You had one spell level left.
You didn't know any spells.

Dungeon Overview and Level Annotations

Branches:
Dungeon (2/15)

Altars:
Ru


Innate Abilities, Weirdness & Mutations

You are tiny and cannot use many weapons and most armour.
You have supernaturally acute eyesight.
You are a herbivore.
You cover ground extremely quickly.
You need consume almost no food.


Message History

The hobgoblin completely misses you. The hobgoblin misses you.
You closely miss the hobgoblin. The hobgoblin hits you with a club.
The hobgoblin misses you. The hobgoblin hits you with a club.
You completely miss the hobgoblin.
The hobgoblin hits you but does no damage.
The hobgoblin misses you.
You hit the hobgoblin but do no damage. The hobgoblin hits you with a club.
The hobgoblin hits you but does no damage.
You hit the hobgoblin.
The hobgoblin is almost dead.
You barely miss the hobgoblin.
The hobgoblin is almost dead.
The hobgoblin hits you but does no damage. x2
You hit the hobgoblin.
You kill the hobgoblin!
The hobgoblin hits you but does no damage.
You hit the hobgoblin.
The hobgoblin is heavily wounded.
The hobgoblin hits you with a club.
You die...

#.# #.### #####.####.....
##.....##.....##
#..............## .
................# .#
....†...........# #$#
................#######..#
................)#......#
................@g......###
.........<......##.........
#..............###.......$.
##...<.#.........#......###
####.##.........#......#
#..............########
#.#######.......# #.
..≈≈≈..#......# (
.≈...≈..#...###


You could see a hobgoblin.

Vanquished Creatures
  2 giant geckos
  2 bats
  4 giant cockroaches (D:1)
  2 goblins (D:1)
  5 hobgoblins
  3 giant newts
  2 rats (D:1)
20 creatures vanquished.

Notes
Turn   | Place    | Note
--------------------------------------------------------------
     0 | D:1      | wvc the Spriggan Gladiator began the quest for the Orb.
     0 | D:1      | Reached XP level 1. HP: 10/10 MP: 2/2
   375 | D:1      | Reached XP level 2. HP: 6/14 MP: 3/3
  1311 | D:2      | Found a sacrificial altar of Ru.
  1341 | D:2      | Slain by a hobgoblin

Vault maps used:
D:1:      kilobyte_arrival_exit_the_forest, minivault_19
D:2:      nicolae_ru_awakened_eye

Skill      XL: |  1  2 |
---------------+-------+-----
Staves         | 3 |  3.0
Fighting       | |  1.5
Throwing       | |  2.0
Dodging        | |  4.4

Action                   || total
-------------------------++-------
Melee: Quarterstaff      ||    64
  Use: Scroll            ||     1
 Stab: Sleeping          ||     3
Armor: Robe              ||     5
Dodge: Dodged            ||    56
